AoeStats
← Metal

Arabia

508132372Analyzed
1v1 RM · 10d ago on Sep 21, 2026· 37m 38s· 2 players
Game mode
Random Map
Map size
Tiny (2 player)
Population
200
Speed
Normal
Resources
Standard
Victory
Conquest
Starting age
Dark Age
Ending age
Imperial Age
RankedLock teamsTeams togetherTeam positionsShared explorationLock speedFull tech treeHidden civsTurbo modeCheats
Victory
Defeat
🇦🇷 Japanese · Argentina
898
+16
🇺🇸 Byzantines · United States
889
-16
dj_gore
10:43 Feudal Age
11:24 Double-Bit Axe
11:56 Loom
13:37 Horse Collar
19:40 Castle Age
17:51 Gold Mining
19:48 Pikeman
25:49 Arson
27:33 Bow Saw
27:26 Heavy Plow
28:16 Gold Shaft Mining
36:48 Imperial Age
35:04 Padded Archer Armor
34:55 Fletching
35:15 Forging
35:06 Scale Mail Armor
35:11 Scale Barding Armor
35:26 Squires
36:36 Leather Archer Armor
36:16 Bodkin Arrow
37:03 Man-at-Arms
37:29 Gambesons
Metal
2:48 Loom
11:59 Feudal Age
17:07 Castle Age
15:33 Double-Bit Axe
16:51 Gold Mining
19:02 Wheelbarrow
18:13 Town Watch
19:39 Forging
24:04 Scale Mail Armor
24:59 Fletching
25:10 Man-at-Arms
25:45 Gambesons
26:51 Squires
26:15 Long Swordsman
31:10 Bow Saw
30:53 Stone Mining
31:02 Bodkin Arrow
31:38 Hand Cart
34:30 Imperial Age
31:56 Horse Collar
33:49 Chain Mail Armor
34:22 Heavy Plow
35:05 Hand Cart
35:43 Conscription
36:35 Plate Mail Armor
36:59 Murder Holes
37:26 Town Patrol
Connection lost

Rejoining the realm…

Still unreachable

The connection could not be restored.

Session expired

The server has moved on; the page needs a fresh start.